 Dungeon Crawl Stone Soup version 0.31-a0-1165-g196b491b36 (webtiles) character file.

Game seed: 4828323774992704845

111 whatisthis the Trooper (level 4, 0/41 HPs)
             Began as a Ghoul Monk on Dec 10, 2023.
             Slain by a gnoll
             ... wielding a +0 spear
              (3 damage)
             ... on level 3 of the Dungeon.
             The game lasted 00:04:40 (1470 turns).

whatisthis the Trooper (Ghoul Monk)                 Turns: 1470, Time: 00:04:41

Health: 0/41       AC:  8    Str: 16    XL:     4   Next: 92%
Magic:  3/3        EV:  8    Int:  9    God:
Gold:   89         SH:  0    Dex: 11    Spells: 3/3 levels left

rFire   . . .        a - +0 mace
rCold   + . .        d - orb {light}
rNeg    + + +        i - +0 chain mail
rPois   ∞            (no helmet)
rElec   .            (no cloak)
rCorr   .            (no gloves)
SInv    .            (no boots)
Will    .....        (no amulet) Stlth
                     (no ring)
HPRegen 0.00/turn    (no ring)
MPRegen 0.08/turn

%: no passive effects
@: confused, ambrosia-drunk, inhibited regen, glowing
A: claws 1, cold resistance 1, negative energy resistance 3, inhibited
regeneration, torment resistance 2, devour on kill
a: no special abilities


You were on level 3 of the Dungeon.
You visited 1 branch of the dungeon, and saw 3 of its levels.

You collected 89 gold pieces.

Inventory:

Hand Weapons
 a - a +0 mace (weapon)
 k - a +1 dagger of venom
Missiles
 f - 3 darts of dispersal
 g - 21 stones
Armour
 d - an orb of light (worn)
 e - a +0 ring mail
 i - a +0 chain mail (worn)
Jewellery
 h - an amulet of faith
Scrolls
 b - a scroll of identify {unknown}
 j - a scroll of acquirement {unknown}
 l - a scroll of poison {unknown}
 m - a scroll of amnesia {unknown}
 n - a scroll of fog {unknown}


   Skills:
 + Level 4.7 Fighting
 + Level 3.9 Maces & Flails
 - Level 3.0 Dodging


You had 3 spell levels left.
You didn't know any spells.
Your spell library contained the following spells:

 Spells                   Type           Power      Damage    Failure   Level
 Stone Arrow              Conj/Erth      0%         3d7       100%        3
 Animate Armour           Summ/Erth      0%         N/A       100%        4
 Lehudib's Crystal Spear  Conj/Erth      0%         10d2      100%        8


Dungeon Overview and Level Annotations

Branches:
Dungeon (3/15)

Altars:
Xom

Shops:
D:1 !


Innate Abilities, Weirdness & Mutations

You are immune to poison.
You have sharp fingernails.
Your flesh is cold resistant. (rC+)
You are immune to negative energy. (rN+++)
You do not regenerate when monsters are visible.
You are immune to unholy pain and torment.
You thrive by killing the living.


Message History

The gnoll is almost dead.
The gnoll hits you but does no damage.
A gnoll comes into view. It is wielding a +0 club.
The gnoll hits you with a +0 whip.
The gnoll shouts!
You hit the gnoll.
You kill the gnoll!
The adder barely misses you.
A gnoll comes into view. It is wielding a +0 club.
The gnoll shouts!
You thump the adder!
The adder is severely wounded.
The adder bites you but does no damage. The gnoll barely misses you.
You hit the adder but do no damage.
The adder is severely wounded.
The adder closely misses you. The gnoll hits you but does no damage.
The adder bites you but does no damage.
You closely miss the adder.
The adder is severely wounded.
The adder bites you.
The gnoll hits you from afar with a +0 spear.
The adder closely misses you.
The gnoll hits you from afar with a +0 spear.
The gnoll attacks as it pursues you!
The gnoll hits you from afar with a +0 spear.
The gnoll attacks as it pursues you!
The gnoll hits you from afar with a +0 spear.
* * * LOW HITPOINT WARNING * * *
The adder bites you.
* * * LOW HITPOINT WARNING * * *
The adder attacks as it pursues you! The adder barely misses you.
The gnoll attacks as it pursues you!
The gnoll hits you from afar with a +0 spear!
* * * LOW HITPOINT WARNING * * *
The adder attacks as it pursues you! The adder misses you.
You are confused.
You feel invigorated. The adder bites you.
* * * LOW HITPOINT WARNING * * *
The gnoll hits you from afar with a +0 spear.
You die...

####### #.....# ..
#.##.## #. #.##.#
#.# #.##.#
#..#######.##.# ##
#.......<#.##.#
...#..........##.#
........########@#
........########S#
.....##..gg.g..g.#
... ############ .


You could see a gnoll and an adder.

Vanquished Creatures
  A gnoll (D:3)
  2 adders (D:2)
  3 worms (D:2)
  2 dart slugs (D:1)
  6 bats
  5 endoplasms
  5 giant cockroaches
  7 goblins
  9 hobgoblins
  4 jackals (D:1)
  2 quokkas
  6 ball pythons
  4 frilled lizards
  3 kobolds (D:1)
  5 rats
64 creatures vanquished.

Notes
Turn   | Place    | Note
-------+----------+-------------------------------------------
     0 | D:1      | whatisthis the Ghoul Monk began the quest for the Orb.
     0 | D:1      | Reached XP level 1. HP: 19/19 MP: 0/0
    80 | D:1      | Reached XP level 2. HP: 26/26 MP: 1/1
   264 | D:1      | Reached XP level 3. HP: 33/33 MP: 2/2
   337 | D:1      | Reached skill level 4 in Fighting
   428 | D:1      | Found Ufoqionau's Distillery.
   762 | D:2      | Reached XP level 4. HP: 37/40 MP: 3/3
  1105 | D:2      | Found a shimmering altar of Xom.
  1468 | D:3      | HP: 2/41 [gnoll/+0 spear (8)]
  1470 | D:3      | Slain by a gnoll

Illustrated notes

Levels and vault maps discovered:
D:1:      dpeg_arrival_arbitrary_c, layout_basic, serial_shops, shop,
          minmay_hexomino_f4
D:2:      layout_loops_cross, basic_altar
D:3:      layout_basic, serial_shops, shop, nicolae_figureground_pulse

Skill      XL: |  1  2  3 |
---------------+----------+-----
Maces & Flails | 3 |  3.9
Dodging        | 3 |  3.0
Fighting       | 4 |  4.7

Action                     |  1- 3 |  4- 6 || total
---------------------------+-------+-------++-------
  Melee: Mace              |   107 |    76 ||   183
    Use: Potion            |       |     1 ||     1
 Armour: Ring mail         |    72 |       ||    72
         Robe              |     1 |       ||     1
         Chain mail        |     5 |    63 ||    68
  Dodge: Dodged            |    82 |    33 ||   115

Table legend: (Time is in decaauts)
 A = Elapsed time spent in this place.
 B = Non-inter-level travel time spent in this place.
 C = Inter-level travel time spent in this place.
 D = Time resting spent in this place.
 E = Time spent auto-exploring this place.
 F = Levels seen in this place.
 G = Mean time per level.
                   A        B        C        D        E       F      G
               +--------+--------+--------+--------+--------+-----+--------+
         Total |   1514 |   1491 |     23 |     26 |    928 |   3 |  504.7 |
       Dungeon |   1514 |   1491 |     23 |     26 |    928 |   3 |  504.7 |
               +--------+--------+--------+--------+--------+-----+--------+

Top non-repeatable levels by time:
     D:1: 754 daAuts
     D:2: 705 daAuts
     D:3: 54 daAuts
